 Dungeon Crawl Stone Soup version 0.31-a0-986-g5e6e4ef867 (webtiles) character file.

Game seed: 7618598155664752846

478 Lobster4 the Vexing (level 7, 0/52 HPs)
             Began as a Gnoll Hexslinger on Nov 8, 2023.
             Slain by a gnoll sergeant
             ... wielding a +0 trident
              (14 damage)
             ... on level 5 of the Dungeon.
             The game lasted 00:13:54 (4136 turns).

Lobster4 the Vexing (Gnoll Hexslinger)              Turns: 4136, Time: 00:13:54

Health: 0/52       AC:  4    Str:  7    XL:     7   Next: 11%
Magic:  12/12      EV: 13    Int: 12    God:
Gold:   50         SH:  7    Dex: 17    Spells: 8/13 levels left

rFire   . . .        a - +2 sling
rCold   + + .        n - +2 buckler of the Shore {rC+ rN+ Will+}
rNeg    + . .        q - +0 leather armour {rC+}
rPois   .            (no helmet)
rElec   .            (no cloak)
rCorr   .            k - +0 pair of gloves
SInv    .            (no boots)
Will    +....        (no amulet)
Stlth   ++           (no ring)
HPRegen 0.28/turn    (no ring)
MPRegen 0.13/turn

%: no passive effects
@: no status effects
A: fangs 1, strong nose, distributed training
a: no special abilities


You were on level 5 of the Dungeon.
You visited 1 branch of the dungeon, and saw 5 of its levels.

You collected 154 gold pieces.
You spent 104 gold pieces at shops.

Inventory:

Hand Weapons
 a - a +2 sling (weapon)
 b - a +2 flail of venom
 l - a +0 dagger
 A - a +0 short sword
Missiles
 d - 3 poisoned darts
 g - 4 boomerangs
 h - 2 stones
Armour
 c - a +0 robe
 k - a +0 pair of gloves (worn)
 n - the +2 buckler of the Shore (worn) {rC+ rN+ Will+}
   (You acquired it on level 4 of the Dungeon)

   rC+:       It protects you from cold.
   rN+:       It protects you from negative energy.
   Will+:     It increases your willpower.
 q - a +0 leather armour of cold resistance (worn)
 s - a +3 scale mail of fire resistance
Jewellery
 r - the ring "Ecoipser" {Wiz Will- rCorr Str+3}
   (You found it on level 3 of the Dungeon)

   [ring of wizardry]

   Wiz:       It improves your spell success rate.
   Str+3:     It affects your strength (+3).
   Will-:     It decreases your willpower.
   rCorr:     It protects you from acid and corrosion.
Wands
 j - a wand of roots (7)
 y - a wand of flame (14)
Scrolls
 e - a scroll of poison
 m - a scroll of teleportation
 t - a scroll of identify
 w - a scroll of silence
 z - a scroll of fog
 E - a scroll of butterflies
Potions
 f - 2 potions of lignification
 i - 2 potions of cancellation
 o - a potion of heal wounds
 p - a potion of mutation
 B - a potion of curing
 C - 2 potions of invisibility
 D - a potion of ambrosia


   Skills:
 + Level 3.5 Fighting
 + Level 2.3 Short Blades
 + Level 2.3 Long Blades
 + Level 2.3 Axes
 + Level 2.3 Maces & Flails
 + Level 2.3 Polearms
 + Level 2.3 Staves
 + Level 5.1 Ranged Weapons
 + Level 2.3 Throwing
 + Level 2.3 Armour
 + Level 5.1 Dodging
 + Level 2.3 Stealth
 + Level 2.3 Shields
 + Level 2.3 Unarmed Combat
 + Level 3.7 Spellcasting
 + Level 1.9 Conjurations
 + Level 5.8 Hexes
 + Level 1.9 Summonings
 + Level 1.9 Necromancy
 + Level 1.9 Translocations
 + Level 1.9 Transmutations
 + Level 2.9 Fire Magic
 + Level 1.9 Ice Magic
 + Level 1.9 Air Magic
 + Level 1.9 Earth Magic
 + Level 1.9 Poison Magic
 + Level 2.5 Invocations
 + Level 2.3 Evocations
 + Level 2.1 Shapeshifting


You had 8 spell levels left.
You knew the following spells:

 Your Spells              Type           Power      Damage    Failure   Level
a - Jinxbite              Hex            32%        N/A       8%          2
b - Sigil of Binding      Hex            16%        N/A       16%         3

Your spell library contained the following spells:

 Spells                   Type           Power      Damage    Failure   Level
 Confusing Touch          Hex            16%        N/A       16%         3
 Kiss of Death            Conj/Necr      24%        2d7       24%         1
 Summon Small Mammal      Summ           24%        N/A       24%         1
 Inner Flame              Hex/Fire       12%        N/A       26%         3
 Summon Guardian Golem    Hex/Summ       11%        N/A       32%         3
 Cause Fear               Hex            8%         N/A       45%         4
 Call Canine Familiar     Summ           6%         N/A       58%         3
 Gell's Gravitas          Tloc           6%         N/A       58%         3
 Teleport Other           Tloc           6%         N/A       58%         3
 Dimensional Bullseye     Hex/Tloc       5%         N/A       73%         4
 Dispel Undead            Necr           6%         3d8       94%         4
 Dispersal                Tloc           3%         N/A       100%        6


Dungeon Overview and Level Annotations

Branches:
Dungeon (5/15)             Temple (0/1) D:5

Altars:
Ashenzari
Qazlal

Shops:
D:5 ?

Annotations:
D:3 3 runed translucent doors, GloriousHammer's ghost, novice HOMo


Innate Abilities, Weirdness & Mutations

You have very sharp teeth.
Your uncanny sense of smell can sniff out nearby items.
Your experience applies equally to all skills.


Message History

The sling bullet hits the gnoll but does no damage.
The gnoll is heavily wounded.
The gnoll sergeant hits you from afar with a +0 trident.
You shoot a sling bullet.
The sling bullet hits the gnoll sergeant but does no damage.
The gnoll sergeant is severely wounded.
The gnoll sergeant hits you from afar with a +0 trident.
You shoot a sling bullet.
The sling bullet hits the gnoll sergeant.
The gnoll sergeant is severely wounded.
The gnoll sergeant misses you.
The gnoll sergeant hits you from afar with a +0 trident!
You shoot a sling bullet.
The sling bullet barely misses the gnoll sergeant.
The sling bullet barely misses the gnoll. x2
The sling bullet hits the gnoll.
The gnoll is moderately wounded.
The gnoll sergeant hits you from afar with a +0 trident!
You are too injured to fight recklessly!
You are too injured to fight recklessly!
You are too injured to fight recklessly!
Fire: a) +2 sling
Press: ? - help, Q - select action, (/) - cycle Shift-Dir - straight line, f - gnoll, p - gnoll sergeant
Aim: a gnoll, wielding a +0 club and quivering boomerangs (moderately wounded, 66% to hit)
You shoot a sling bullet.
The sling bullet closely misses the gnoll sergeant.
The sling bullet hits the gnoll.
The gnoll is heavily wounded.
The gnoll sergeant hits you from afar with a +0 trident.
* * * LOW HITPOINT WARNING * * *
Fire: a) +2 sling
Press: ? - help, Q - select action, (/) - cycle Shift-Dir - straight line, f/p - gnoll
Aim: a gnoll, wielding a +0 club and quivering boomerangs (moderately wounded, 66% to hit)
You shoot a sling bullet.
The sling bullet closely misses the gnoll sergeant.
The sling bullet hits the gnoll.
The gnoll is almost dead.
You block the gnoll sergeant's attack.
The gnoll sergeant hits you from afar with a +0 trident!
You die...

#.######...##.###.# #.
#.#######8###.###.# #. *
###.#######.###.###.# #.
*****#####...#######∩....###.#
#.
*,,,,.............>.!#######.#
*.
*,***####.........##<#######.#
*, *,* #...[####.##.#######.#
*, *,* #..######.##8#######,*
*, *,* #..gggg)@...$..#####,*
*, *,* #...#######..#.#####,*
*, *,* *#.(,####............,*
*, *,*
*..,,####.##....####******
,,**** *,*,,,,,,∆**,#..# *,,,,
*,,,,*
*,,,,*******,*.[#*****,,,,
,,**,*
*,,*,****,,,,,,..,,,,*,,,,
,***,*
*,*,,,,,,,,*,*,,**,***,,,, ,*
*,* *,**,****,,,,,,,**,***,,,,


You could see a gnoll sergeant and 3 gnolls.

Vanquished Creatures
  Edmund (D:4)
  A phantom (D:3)
  An orc priest (D:3)
  An iguana (D:3)
  Jessica (D:2)
  Ijyb (D:4)
  A gnoll (D:5)
  9 adders
  3 worms
  2 dart slugs (D:2)
  5 orcs (D:3)
  2 bats (D:3)
  10 endoplasms
  2 giant cockroaches
  4 goblins
  8 hobgoblins
  2 jackals (D:1)
  6 kobolds
  4 quokkas
  7 ball pythons
  2 frilled lizards
  9 rats
82 creatures vanquished.

Vanquished Creatures (others)
  A hound (D:5)
1 creature vanquished.

Grand Total: 83 creatures vanquished

Notes
Turn   | Place    | Note
-------+----------+-------------------------------------------
     0 | D:1      | Lobster4 the Gnoll Hexslinger began the quest for the Orb.
     0 | D:1      | Reached XP level 1. HP: 17/17 MP: 4/4
    69 | D:1      | Reached XP level 2. HP: 18/23 MP: 5/5
   398 | D:1      | Learned a level 2 spell: Jinxbite
   540 | D:2      | Reached XP level 3. HP: 28/28 MP: 5/7
   638 | D:2      | Noticed Jessica
   640 | D:2      | Reached skill level 1 in Invocations
   642 | D:2      | Killed Jessica
   643 | D:2      | Reached skill level 1 in Short Blades
   643 | D:2      | Reached skill level 1 in Long Blades
   643 | D:2      | Reached skill level 1 in Axes
   643 | D:2      | Reached skill level 1 in Maces & Flails
   643 | D:2      | Reached skill level 1 in Polearms
   643 | D:2      | Reached skill level 1 in Staves
   643 | D:2      | Reached skill level 1 in Throwing
   643 | D:2      | Reached skill level 1 in Armour
   643 | D:2      | Reached skill level 1 in Stealth
   643 | D:2      | Reached skill level 1 in Shields
   643 | D:2      | Reached skill level 1 in Unarmed Combat
   643 | D:2      | Reached skill level 1 in Evocations
   643 | D:2      | Reached skill level 1 in Shapeshifting
   643 | D:2      | Reached XP level 4. HP: 34/34 MP: 8/8
   720 | D:2      | Found a broken altar of Ashenzari.
   749 | D:2      | Reached skill level 1 in Conjurations
   749 | D:2      | Reached skill level 1 in Summonings
   749 | D:2      | Reached skill level 1 in Necromancy
   749 | D:2      | Reached skill level 1 in Translocations
   749 | D:2      | Reached skill level 1 in Transmutations
   749 | D:2      | Reached skill level 1 in Ice Magic
   749 | D:2      | Reached skill level 1 in Air Magic
   749 | D:2      | Reached skill level 1 in Earth Magic
   749 | D:2      | Reached skill level 1 in Poison Magic
   860 | D:2      | Learned a level 3 spell: Sigil of Binding
  1407 | D:3      | Reached XP level 5. HP: 40/40 MP: 6/9
  1760 | D:3      | Noticed a phantom
  1771 | D:3      | Killed a phantom
  1772 | D:3      | Reached XP level 6. HP: 32/47 MP: 9/11
  1895 | D:3      | Found a stormy altar of Qazlal.
  1992 | D:3      | Identified the ring "Ecoipser" {Wiz Will- rCorr Str+3}
  2150 | D:3      | Found a runed translucent gate.
  2150 | D:3      | Found a runed translucent gate.
  2151 | D:3      | Found a runed translucent gate.
  2153 | D:3      | Noticed GloriousHammer's ghost (novice HOMo)
  2646 | D:4      | Identified a scroll of acquirement
  2646 | D:4      | Identified the of Xyvuzoup (You acquired it on level 4 of
                  | the Dungeon)
  2646 | D:4      | Acquired the +2 buckler of the Shore {rC+ rN+ Will+}
  2732 | D:4      | Reached skill level 5 in Ranged Weapons
  2732 | D:4      | Reached skill level 5 in Dodging
  2757 | D:4      | Noticed Ijyb
  2790 | D:4      | Killed Ijyb
  3012 | D:4      | Noticed Edmund
  3038 | D:4      | Killed Edmund
  3245 | D:3      | Reached XP level 7. HP: 38/52 MP: 12/12
  3912 | D:5      | Entered Level 5 of the Dungeon
  4071 | D:5      | Found Gitergh's Magic Scroll Emporium.
  4098 | D:5      | Bought a scroll of identify for 26 gold pieces
  4098 | D:5      | Bought a scroll of identify for 26 gold pieces
  4098 | D:5      | Bought a scroll of identify for 26 gold pieces
  4098 | D:5      | Bought a scroll of identify for 26 gold pieces
  4136 | D:5      | Slain by a gnoll sergeant

Illustrated notes

Levels and vault maps discovered:
D:1:      minmay_arrival_stair_chambers, layout_rooms
D:2:      layout_loops_ring, basic_altar, amethyst_killhole,
          kennysheep_jessica_study
D:3:      minmay_inner_zag, layout_basic, grunt_qazlal_sundering,
          gammafunk_ghost_necromancy, corexii_item_surrounded_by_moat,
          amcnicky_mini_pool_small
D:4:      layout_loops_ring, nicolae_titane, uniq_edmund, uniq_ijyb
D:5:      layout_loops_ring, kennysheep_mini_moat, lemuel_temple_firewalk_b,
          serial_shops, nicolae_shop_temple_entry_statues_fountains,
          nicolae_shop_advertising_works [nicolae_subvault_shop_adworks],
          shop_statue, grunt_decor_fettered

Skill      XL: |  1  2  3  4  5  6 |
---------------+-------------------+-----
Fire Magic     | 2 |  2.9
Invocations    | 1 2 |  2.5
Short Blades   | 1 2 |  2.3
Long Blades    | 1 2 |  2.3
Axes           | 1 2 |  2.3
Maces & Flails | 1 2 |  2.3
Polearms       | 1 2 |  2.3
Staves         | 1 2 |  2.3
Throwing       | 1 2 |  2.3
Armour         | 1 2 |  2.3
Stealth        | 1 2 |  2.3
Shields        | 1 2 |  2.3
Unarmed Combat | 1 2 |  2.3
Evocations     | 1 2 |  2.3
Shapeshifting  | 1 2 |  2.1
Spellcasting   | 3 |  3.7
Conjurations   | 1 |  1.9
Summonings     | 1 |  1.9
Necromancy     | 1 |  1.9
Translocations | 1 |  1.9
Transmutations | 1 |  1.9
Ice Magic      | 1 |  1.9
Air Magic      | 1 |  1.9
Earth Magic    | 1 |  1.9
Poison Magic   | 1 |  1.9
Fighting       | 3 |  3.5
Ranged Weapons | 5 |  5.1
Dodging        | 5 |  5.1
Hexes          | |  5.8

Action                     |  1- 3 |  4- 6 |  7- 9 || total
---------------------------+-------+-------+-------++-------
  Melee: Dagger            |       |     1 |       ||     1
         Short sword       |       |    16 |       ||    16
   Fire: Sling             |    63 |   152 |    49 ||   264
  Throw: Dart              |       |     2 |       ||     2
   Cast: Jinxbite          |     2 |     9 |       ||    11
         Sigil of Binding  |       |     3 |       ||     3
  Evoke: Wand              |       |     2 |       ||     2
    Use: Scroll            |     3 |     7 |     6 ||    16
         Potion            |       |     5 |       ||     5
   Stab: Sleeping          |       |     1 |       ||     1
 Armour: Robe              |     6 |    20 |       ||    26
         Leather armour    |       |    20 |    15 ||    35
         Skin              |       |     3 |       ||     3
  Dodge: Dodged            |     4 |    40 |     7 ||    51
  Block: Buckler           |       |    15 |     8 ||    23

Table legend: (Time is in decaauts)
 A = Elapsed time spent in this place.
 B = Non-inter-level travel time spent in this place.
 C = Inter-level travel time spent in this place.
 D = Time resting spent in this place.
 E = Time spent auto-exploring this place.
 F = Levels seen in this place.
 G = Mean time per level.
                   A        B        C        D        E       F      G
               +--------+--------+--------+--------+--------+-----+--------+
         Total |   4193 |   3987 |    206 |    438 |   2794 |   5 |  838.6 |
       Dungeon |   4193 |   3987 |    206 |    438 |   2794 |   5 |  838.6 |
               +--------+--------+--------+--------+--------+-----+--------+

Top non-repeatable levels by time:
     D:3: 1312 daAuts
     D:4: 1124 daAuts
     D:2: 999 daAuts
     D:1: 527 daAuts
     D:5: 230 daAuts
